 Dungeon Crawl Stone Soup version 0.31-a0-202-g547052bce9 (webtiles) character file.

Game seed: 14574376910398647948

1732 qw the Skirmisher (level 8, -1/46 HPs)
             Began as a Deep Elf Hunter on June 26, 2023.
             Was an Initiate of Okawaru.
             Slain by an ogre
             ... wielding a +0 giant club
              (15 damage)
             ... on level 5 of the Dungeon.
             The game lasted 00:01:59 (4846 turns).

qw the Skirmisher (Deep Elf Hunter)                 Turns: 4846, Time: 00:01:59

Health: -1/46      AC: 10    Str: 10    XL:     8   Next: 76%
Magic:  10/10      EV: 13    Int: 15    God:    Okawaru [......]
Gold:   260        SH:  5    Dex: 24    Spells: 7/7 levels left

rFire   . . .        Y - +4 orcbow
rCold   . . .        (shield currently unavailable)
rNeg    . . .        i - +0 ring mail
rPois   +            r - +0 helmet
rElec   .            (no cloak)
rCorr   .            j - +2 pair of gloves
SInv    .            k - +0 pair of boots
Will    .....        c - amulet of reflection
Stlth   ++           l - ring of poison resistance
HPRegen 0.27/turn    o - +6 ring of dexterity
MPRegen 0.12/turn

%: reflection
@: no status effects
A: no striking features
a: Renounce Religion


You were on level 5 of the Dungeon.
You worshipped Okawaru.
Okawaru was noncommittal.
You visited 2 branches of the dungeon, and saw 7 of its levels.

You collected 260 gold pieces.


   Skills:
 - Level 3.1 Fighting
 + Level 13.6 Ranged Weapons
 - Level 1.5 Armour
 - Level 5.1 Dodging
 - Level 1.2 Stealth


You had 7 spell levels left.
You didn't know any spells.
Your spell library was empty.

Inventory:

Hand Weapons
 Y - a +4 orcbow (weapon)
Armour
 i - a +0 ring mail (worn)
 j - a +2 pair of gloves (worn)
 k - a +0 pair of boots (worn)
 r - a +0 helmet (worn)
Jewellery
 c - an amulet of reflection (around neck)
 l - a ring of poison resistance (left hand)
 m - a ring of ice
 o - a +6 ring of dexterity (right hand)
Scrolls
 a - a scroll of identify
 f - 4 scrolls of teleportation
Potions
 b - 2 potions of heal wounds
 e - a potion of curing
 g - a potion of cancellation {unknown}
 h - a potion of degeneration {unknown}
 n - a potion of brilliance {unknown}
 s - a potion of haste {unknown}

Dungeon Overview and Level Annotations

Branches:
Dungeon (6/15)             Temple (1/1) D:5

Altars:
Ashenzari
Cheibriados
Dithmenos
Elyvilon
Fedhas
Gozag
Hepliaklqana
Kikubaaqudgha
Makhleb
Nemelex Xobeh
Okawaru
Ru
Sif Muna
Trog
Xom
Yredelemnul
The Shining One


Message History

(D) Dungeon (T) Temple
Where to? (* - list waypoints, Enter - D:6, ? - help)
What level of the Dungeon? (default 1, ? - help)
You climb downwards.
The centaur shoots an arrow.
You block the arrow with an invisible shield... and reflect it back!
The arrow closely misses the centaur.
The scorpion completely misses you. The gnoll completely misses you.
A jelly comes into view.
The sky beast hits you but does no damage.
The ogre hits you but does no damage.
The centaur shoots an arrow.
The arrow hits you. You block the scorpion's attack. The sky beast hits you.
The sky beast shocks you.
The jelly moves out of view.
There is a stone staircase leading up here.
4841 ||| STAIRDANCE The centaur shoots an arrow.
The arrow hits you. The ogre closely misses you.
The scorpion stings you but does no damage.
The centaur shoots an arrow.
The arrow hits you. You block the sky beast's attack.
The gnoll hits you but does no damage.
You climb upwards.
There is a stone staircase leading down here.
You shoot an arrow. The arrow hits the sky beast!!
The sky beast is severely wounded.
The scorpion stings you.
The sky beast hits you but does no damage.
The ogre misses you. You block the gnoll's attack.
You shoot an arrow. The arrow hits the sky beast.
The sky beast is almost dead.
The scorpion barely misses you.
The sky beast flickers out of sight!
Deactivating autopickup; reactivate with Ctrl-A.
Something hits you but does no damage. The gnoll hits you with a +0 whip.
You shoot an arrow. The arrow hits the scorpion!
The scorpion is severely wounded.
The scorpion closely misses you. The ogre closely misses you.
Something hits you but does no damage. The gnoll barely misses you.
The scorpion misses you.
You shoot an arrow. The arrow hits the scorpion.
The scorpion is almost dead.
The scorpion closely misses you. Something hits you. Something shocks you.
The ogre hits you with a +0 giant club!
You die...

####.##### ##'## #...######
#........# ##...####..##...##
#.##.###.# ##.....####<#.....#
#........###.......###.......#
####...####.........####.....##
#.......'.........'..........
###...####.........####...####
#......# ##..g....## ##.##
#.#.##.# ##O@{..## #.# #....#.#
##s..## #.# #.#.#..# ##'## #.#
#....#.#######.## #.#
#.#.##.##.......# #.#
#.#.##.##.####..# #.#
#......##.###...## #.#
###..............#######.#
#######.#.[...[........#


You could see an ogre, a scorpion and a gnoll.

Vanquished Creatures
  Grinder (D:3)
  Sigmund (D:4)
  Menkaure (D:4)
  A black bear (D:5)
  A centaur (D:5)
  A phantom (D:4)
  A gnoll sergeant (D:5)
  3 scorpions
  3 jellies (D:5)
  An orc priest (D:5)
  3 hounds (D:5)
  An iron imp (D:5)
  Terence (D:3)
  4 orc wizards
  3 iguanas (D:5)
  2 sleepcaps (D:4)
  7 gnolls (D:5)
  7 adders
  An ufetubus (D:3)
  A worm (D:2)
  2 dart slugs
  26 orcs
  7 ball pythons
  5 bats
  4 endoplasms
  5 giant cockroaches
  7 goblins
  9 hobgoblins
  11 jackals
  2 quokkas
  2 frilled lizards
  6 kobolds
  3 rats
133 creatures vanquished.

Notes
Turn   | Place    | Note
-------+----------+-------------------------------------------
     0 | D:1      | qw the Deep Elf Hunter began the quest for the Orb.
     0 | D:1      | Reached XP level 1. HP: 12/12 MP: 3/3
     0 | D:1      | 0 ||| qw: Version: 0.3-a-22-g0ed2b0b
     0 | D:1      | 0 ||| qw: Game counter: 6298
     0 | D:1      | 0 ||| qw: Melee chars always use a shield: true
     0 | D:1      | 0 ||| qw: God list: Okawaru
     0 | D:1      | 0 ||| qw: Allow faded altars: false
     0 | D:1      | 0 ||| qw: Do Orc after clearing Dungeon:15 true
     0 | D:1      | 0 ||| qw: Do second Lair branch before Depths: true
     0 | D:1      | 0 ||| qw: Lair rune preference: random
     0 | D:1      | 0 ||| qw: Goals: Normal
     0 | D:1      | 0 ||| PLANNING D:1-11
   219 | D:1      | Reached XP level 2. HP: 16/16 MP: 4/4
   222 | D:1      | Reached skill level 6 in Ranged Weapons
   593 | D:1      | 593 ||| UPGRADING to +0 ring mail.
   603 | D:1      | 603 ||| DROPPING +0 leather armour.
   604 | D:1      | 604 ||| READING 2 scrolls labelled TESHENG YKHLECW.
   605 | D:1      | 605 ||| READING scroll labelled LIMUWI ZINT.
   609 | D:1      | 609 ||| READING scroll labelled ACUQOE JUIRIA.
   610 | D:1      | 610 ||| DROPPING scroll of butterflies.
   727 | D:2      | Reached XP level 3. HP: 20/20 MP: 5/5
   954 | D:2      | Reached skill level 7 in Ranged Weapons
  1045 | D:2      | Reached XP level 4. HP: 19/25 MP: 6/6
  1476 | D:2      | 1476 ||| UPGRADING to amulet of reflection.
  1481 | D:2      | 1481 ||| READING scroll labelled BINEKI WEMO.
  1527 | D:3      | Noticed Terence
  1535 | D:3      | 1535 ||| Stepping ~*~*~tactically~*~*~ (outnumbered).
  1539 | D:3      | Killed Terence
  1540 | D:3      | Reached skill level 8 in Ranged Weapons
  1685 | D:3      | Reached XP level 5. HP: 29/29 MP: 7/7
  1735 | D:3      | Noticed Grinder
  1746 | D:3      | 1746 ||| FLEEEEING.
  1747 | D:3      | 1747 ||| FLEEEEING.
  1748 | D:3      | 1748 ||| FLEEEEING.
  1748 | D:3      | Paralysed by Grinder for 2 turns
  1750 | D:3      | 1750 ||| FLEEEEING.
  1759 | D:3      | Killed Grinder
  1760 | D:3      | Reached skill level 10 in Ranged Weapons
  1760 | D:3      | Reached XP level 6. HP: 27/34 MP: 8/8
  1800 | D:3      | 1800 ||| READING scroll of enchant weapon.
  1800 | D:3      | 1800 ||| ENCHANTING +1 shortbow.
  1905 | D:3      | Found a sparkling altar of Nemelex Xobeh.
  1954 | D:3      | Found an ancient bone altar of Kikubaaqudgha.
  2164 | D:3      | 2164 ||| UPGRADING to +0 pair of gloves.
  2169 | D:3      | 2169 ||| UPGRADING to ring of poison resistance.
  2170 | D:3      | 2170 ||| READING scroll labelled JONUBU JATA.
  2203 | D:4      | Noticed Sigmund
  2203 | D:4      | Found a sacrificial altar of Ru.
  2203 | D:4      | Found a shimmering blue altar of Sif Muna.
  2203 | D:4      | Found a blossoming altar of Fedhas.
  2203 | D:4      | Found a bloodstained altar of Trog.
  2205 | D:4      | 2205 ||| STAIRDANCE
  2247 | D:4      | Killed Sigmund
  2248 | D:4      | Reached skill level 3 in Fighting
  2248 | D:4      | Reached XP level 7. HP: 41/41 MP: 9/9
  2306 | D:4      | Noticed Menkaure
  2312 | D:4      | Killed Menkaure
  2430 | D:4      | Reached skill level 1 in Armour
  2739 | D:4      | 2739 ||| READING scroll of enchant armour.
  2739 | D:4      | 2739 ||| ENCHANTING +0 pair of gloves.
  2744 | D:4      | 2744 ||| READING scroll of enchant armour.
  2744 | D:4      | 2744 ||| ENCHANTING +1 pair of gloves.
  3311 | D:4      | 3311 ||| UPGRADING to +0 helmet.
  3316 | D:4      | 3316 ||| DROPPING amulet of regeneration.
  3317 | D:4      | 3317 ||| UPGRADING to +6 ring of dexterity.
  3318 | D:4      | 3318 ||| READING scroll labelled RETWUO TIRUU.
  3319 | D:4      | 3319 ||| READING scroll labelled VOMOVY XAISCH.
  3320 | D:4      | 3320 ||| READING 2 scrolls of identify.
  3320 | D:4      | 3320 ||| IDENTIFYING amethyst potion
  3345 | D:5      | Entered Level 5 of the Dungeon
  3360 | D:5      | Reached skill level 11 in Ranged Weapons
  3491 | D:5      | Found a snail-covered altar of Cheibriados.
  3613 | D:5      | Reached XP level 8. HP: 33/46 MP: 10/10
  3743 | D:5      | Reached skill level 12 in Ranged Weapons
  3874 | D:5      | 3874 ||| FLEEEEING.
  3875 | D:5      | 3875 ||| FLEEEEING.
  3876 | D:5      | 3876 ||| FLEEEEING.
  3877 | D:5      | 3877 ||| FLEEEEING.
  3878 | D:5      | 3878 ||| FLEEEEING.
  3879 | D:5      | 3879 ||| FLEEEEING.
  3880 | D:5      | 3880 ||| FLEEEEING.
  3881 | D:5      | 3881 ||| FLEEEEING.
  3882 | D:5      | 3882 ||| FLEEEEING.
  3883 | D:5      | 3883 ||| FLEEEEING.
  3884 | D:5      | 3884 ||| STAIRDANCE
  3945 | D:4      | 3945 ||| UPGRADING to +0 pair of boots.
  3950 | D:4      | 3950 ||| READING 3 scrolls of identify.
  3950 | D:4      | 3950 ||| IDENTIFYING glowing ruby potion
  3951 | D:4      | 3951 ||| READING 2 scrolls of identify.
  3951 | D:4      | 3951 ||| IDENTIFYING clear potion
  3952 | D:4      | 3952 ||| DROPPING potion of invisibility.
  4018 | D:5      | 4018 ||| SWAPPING to +0 orcbow.
  4020 | D:5      | 4020 ||| DROPPING +2 shortbow.
  4039 | D:5      | 4039 ||| READING scroll of enchant weapon.
  4039 | D:5      | 4039 ||| ENCHANTING +0 orcbow.
  4099 | D:5      | Found a staircase to the Ecumenical Temple.
  4100 | D:5      | 4100 ||| PLANNING TEMPLE
  4100 | D:5      | 4100 ||| READING scroll labelled WONUZO VESOVU.
  4105 | Temple   | Entered the Ecumenical Temple
  4106 | Temple   | 4106 ||| PLANNING OKAWARU WORSHIP
  4261 | Temple   | Became a worshipper of Warmaster Okawaru
  4262 | Temple   | 4262 ||| PLANNING D:1-11
  4326 | D:5      | 4326 ||| READING 3 scrolls of enchant weapon.
  4326 | D:5      | 4326 ||| ENCHANTING +1 orcbow.
  4327 | D:5      | 4327 ||| READING 2 scrolls of enchant weapon.
  4327 | D:5      | 4327 ||| ENCHANTING +2 orcbow.
  4328 | D:5      | 4328 ||| READING scroll of enchant weapon.
  4328 | D:5      | 4328 ||| ENCHANTING +3 orcbow.
  4570 | D:5      | Reached skill level 13 in Ranged Weapons
  4648 | D:5      | 4648 ||| Stepping ~*~*~tactically~*~*~ (outnumbered).
  4731 | D:5      | 4731 ||| DRINKING 3 black potions.
  4732 | D:5      | 4732 ||| DROPPING 2 potions of attraction.
  4762 | D:6      | Found a burning altar of Makhleb.
  4764 | D:6      | 4764 ||| STAIRDANCE
  4804 | D:6      | 4804 ||| STAIRDANCE
  4841 | D:6      | 4841 ||| STAIRDANCE
  4846 | D:5      | Slain by an ogre

Levels and vault maps discovered:
D:1:      tarquinn_simple_flora_water_f, layout_basic, minmay_worlds_worst_comb
D:2:      layout_loops_ring
D:3:      layout_loops_cross, nemelex_dance_club_becter,
          mainiacjoe_overflow_alcove_2, uniq_grinder, uniq_terence
D:4:      layout_cave_pods, chequers_temple_overflow_statue_of_worship,
          nicolae_concentric_dashed_squares_mild, uniq_sigmund, uniq_menkaure,
          uniq_crazy_yiuf_cottage
D:5:      minmay_opposing_rooms, layout_loops_corners, slow_altar_1,
          temple_statues, minmay_crystal_room
D:6:      layout_rooms, bloody_makhleb, chequers_temple_overflow_minitemple,
          uniq_blork_the_orc
Temple:   chequers_temple_sunken

Skill      XL: |  1  2  3  4  5  6  7  8 |
---------------+-------------------------+-----
Ranged Weapons | 6 7 8 10 11 13 | 13.6
Fighting       | 3 |  3.1
Dodging        | 4 5 |  5.1
Armour         | 1 |  1.5
Stealth        | |  1.2

Action                     |  1- 3 |  4- 6 |  7- 9 || total
---------------------------+-------+-------+-------++-------
   Fire: Shortbow          |    80 |    77 |   234 ||   391
         Orcbow            |       |       |    44 ||    44
    Use: Scroll            |     3 |     3 |    12 ||    18
         Potion            |       |       |     1 ||     1
 Armour: Leather armour    |     1 |       |       ||     1
         Ring mail         |     7 |    11 |    51 ||    69
  Dodge: Dodged            |    18 |     8 |   102 ||   128
  Block: Other             |       |     5 |    45 ||    50
         Reflection        |       |     2 |     3 ||     5

Table legend:
 A = Non-vault XP
 B = Vault XP
 C = Vault XP percentage of total XP
 D = Non-vault monster count
 E = Vault monster count
 F = Vault count percentage of total count
                 A         B        C        D         E       F
            +---------+---------+-------+---------+---------+-------
      Total |    1121 |    1354 |  54.7 |     112 |      21 |  15.8
            +---------+---------+-------+---------+---------+-------
        D:1 |      30 |       8 |  21.1 |      17 |       4 |  19.0
        D:2 |      61 |       0 |   0.0 |      13 |       0 |   0.0
        D:3 |      97 |     324 |  77.0 |      20 |       4 |  16.7
        D:4 |     336 |     398 |  54.2 |      30 |       2 |   6.2
        D:5 |     597 |     624 |  51.1 |      32 |      11 |  25.6
            +---------+---------+-------+---------+---------+-------
